AoeStats
← 568140083

Pilgrims

510051135Analyzed
4v4 RM · 4d ago on Sep 29, 2026· 36m 1s· 8 players
Game mode
Random Map
Map size
Large (8 player)
Population
200
Speed
Normal
Resources
Standard
Victory
Conquest
Starting age
Dark Age
Ending age
Imperial Age
RankedLock teamsTeams togetherTeam positionsShared explorationLock speedFull tech treeHidden civsTurbo modeCheats
Victory
Defeat
🇨🇳 Hindustanis · China
862
+15
🇨🇳 Maya · China
849
+16
🇨🇳 Varangians · China
843
+16
🇹🇼 Sicilians · Taiwan
753
+21
🇲🇽 Franks · Mexico
863
-18
🇭🇰 Britons · Hong Kong SAR China
846
-17
🇫🇷 Burgundians · France
844
-17
🇫🇷 Japanese · France
831
-16
DarkOmega93
13:16 Feudal Age
14:36 Double-Bit Axe
18:36 Castle Age
17:54 Forging
17:49 Scale Barding Armor
17:39 Stone Mining
17:41 Gold Mining
21:04 Iron Casting
23:20 Chain Barding Armor
26:21 Wheelbarrow
25:33 Town Watch
29:35 Hand Cart
29:35 Bow Saw
33:15 Imperial Age
30:45 Murder Holes
31:11 Ballistics
33:10 Husbandry
34:59 Blast Furnace
33:22 Cavalier
BillyBat
5:20 Loom
12:02 Feudal Age
11:15 Fishing Lines
12:42 Wheelbarrow
13:09 Double-Bit Axe
16:37 Bow Saw
18:57 Castle Age
17:20 Stone Mining
18:41 Stone Shaft Mining
DuaLipaFanboy59
12:51 Feudal Age
13:48 Man-at-Arms
15:54 Arson
21:29 Castle Age
22:02 Long Swordsman
24:19 Loom
24:28 Pikeman
26:52 Forging
27:59 Fishing Lines
29:03 Gambesons
29:19 Squires
30:08 Gold Mining
30:05 Double-Bit Axe
30:43 Scale Mail Armor
舒服
6:05 Loom
15:16 Feudal Age
21:43 Castle Age
29:33 Imperial Age
27:27 Gold Mining
31:19 Ballistics
32:01 Double-Bit Axe
33:52 Chemistry
32:45 Fletching
34:36 Gold Shaft Mining
瀧注洄洮
14:41 Feudal Age
15:31 Fishing Lines
24:51 Castle Age
24:33 Forging
24:25 Scale Mail Armor
26:38 Squires
26:24 Gambesons
26:25 Arson
27:21 Iron Casting
27:02 Chain Mail Armor
33:51 Fletching
34:37 Gold Mining
34:38 Stone Mining
美少女王兔
10:28 Loom
13:08 Feudal Age
17:24 Castle Age
16:10 Horse Collar
16:21 Double-Bit Axe
21:05 Heavy Plow
21:19 Bow Saw
25:49 Wheelbarrow
26:49 Squires
27:42 Hand Cart
30:22 Imperial Age
27:57 Gold Mining
28:11 Eagle Warrior
30:04 Arson
30:31 Scale Mail Armor
30:43 Forging
30:25 Capped Ram
31:20 Elite Eagle Warrior
33:22 Chain Mail Armor
33:43 Iron Casting
34:54 Conscription
34:04 Siege Ram
36:17 Plate Mail Armor
36:40 Ballistics
37:21 Chemistry
568140083
3:21 Loom
13:58 Feudal Age
15:34 Wheelbarrow
17:07 Town Watch
24:22 Fishing Lines
小笼包的诺姆
5:51 Loom
11:17 Feudal Age
16:03 Castle Age
14:42 Fishing Lines
15:29 Double-Bit Axe
15:36 Gold Mining
19:23 Wheelbarrow
26:43 Gillnets
27:57 Scale Mail Armor
28:10 Forging
28:06 Scale Barding Armor
30:46 Hand Cart
32:37 Town Watch
36:29 Imperial Age
Connection lost

Rejoining the realm…

Still unreachable

The connection could not be restored.

Session expired

The server has moved on; the page needs a fresh start.